 Dungeon Crawl Stone Soup version 0.25-a0-667-gb977e01cb5 (webtiles) character file.

Game seed: 281022758876372063, levelgen mode: deterministic

174 Error4North the Shield-Bearer (level 5, -4/46 HPs)
             Began as a Hill Orc Fighter on Mar 27, 2020.
             Killed by divine providence
             ... invoked by an orc priest
              (10 damage)
             ... on level 3 of the Dungeon.
             The game lasted 00:06:26 (1982 turns).

Error4North the Shield-Bearer (Hill Orc Fighter)    Turns: 1982, Time: 00:06:27

Health: -4/46      AC:  9    Str: 20    XL:     5   Next: 54%
Magic:  5/5        EV:  4    Int:  8    God:
Gold:   126        SH:  7    Dex: 10    Spells: 4/4 levels left

rFire    + . .     SeeInvis .   a - +0 war axe
rCold    + . .     Gourm    .   c - +0 kite shield
rNeg     . . .     Faith    .   o - +0 chain mail
rPois    .         Spirit   .   r - +0 helmet
rElec    .         Reflect  .   l - scarf {rC+ rF+}
rCorr    .         Harm     .   (no gloves)
MR       .....                  (no boots)
Stlth    ..........             (no amulet)
HPRegen  0.15/turn              (no ring)
MPRegen  0.09/turn              (no ring)

@: brilliant, extremely drained
A: no striking features
a: Convert to Beogh


You were on level 3 of the Dungeon.
You were not hungry.

You visited 1 branch of the dungeon, and saw 3 of its levels.

You collected 126 gold pieces.

Inventory:

Hand Weapons
 a - a +0 war axe (weapon)
Armour
 c - a +0 kite shield (worn)
 l - a scarf of resistance (worn)
 o - a +0 chain mail (worn)
 r - a +0 helmet (worn)
Scrolls
 h - 3 scrolls of identify {unknown}
 j - a scroll of magic mapping {unknown}
 k - 2 scrolls of enchant weapon {unknown}
 m - 2 scrolls of teleportation {unknown}
 n - a scroll of remove curse {unknown}
 p - a scroll of enchant armour {unknown}
 q - a scroll of amnesia {unknown}
Potions
 b - a potion of curing {unknown}
 d - a potion of might
 e - 2 potions of degeneration {unknown}
 s - a potion of heal wounds {unknown}
Comestibles
 f - 3 rations
 g - a chunk of flesh


   Skills:
 + Level 4.1(0.0) Fighting
 + Level 4.0(0.0) Axes
 * Level 4.1(0.0) Armour
 + Level 1.0(0.0) Dodging
 * Level 4.9(0.0) Shields


You had 4 spell levels left.
You didn't know any spells.
Your spell library was empty.

Dungeon Overview and Level Annotations

Branches:
Dungeon (3/15)

Altars:
Dithmenos


Message History

You see here a leopard gecko corpse.
You butcher the leopard gecko corpse.
g - 2 chunks of flesh You see here a leopard gecko skeleton.
Eat one of 2 chunks of flesh? (ye/n/q)
You eat one of the 2 chunks of flesh.
This raw flesh tastes terrible.
A rat comes into view.
Items here: ))) [[ a +2 dagger of draining; a +0 robe; a +0 dagger; a +0 robe; a +0 club Your shield and chain mail prevent you from hitting the rat.
The rat barely misses you. x2
Your shield and chain mail prevent you from hitting the rat.
The orc priest shouts!
The rat bites you but does no damage.
Things that are here:
a +0 leather armour; a frilled lizard corpse
There is a stone staircase leading down here.
The orc priest mumbles some strange prayers to Beogh against you.
Beogh smites you!
You die...

#...# ### #.#.###......
.. #####.#.....##... ..
.................######.
....g..†###.....#......
.###..#...............
###.o......#.........#
..oo.........##..###.###
##.##.....#####.@r.....##
......##.##
#...###.o...###
#<..####.####.###
####.>..#### ..###
#...#..# #.......## #.#
##...## ####.##..# #)#
#####.....# #.....#
..###.....###...#
###[.### .##...##### ##.#
#.)..# .##.###### ...
##÷##.#


You could see an orc priest and a rat.

Vanquished Creatures
  An orc priest (D:3)
  An orc wizard (D:3)
  2 adders
  2 oozes (D:2)
  A dart slug (D:2)
  3 leopard geckos
  5 orcs
  5 giant cockroaches
  6 goblins
  7 hobgoblins
  A quokka (D:2)
  7 bats
  3 frilled lizards
  11 kobolds
  5 rats
60 creatures vanquished.

Vanquished Creatures (others)
  An orc wizard (D:3)
1 creature vanquished.

Grand Total: 61 creatures vanquished

Notes
Turn   | Place    | Note
-------+----------+-------------------------------------------
     0 | D:1      | Error4North the Hill Orc Fighter began the quest for the
                  | Orb.
     0 | D:1      | Reached XP level 1. HP: 19/19 MP: 1/1
   264 | D:1      | Reached XP level 2. HP: 18/27 MP: 2/2
   785 | D:2      | Reached XP level 3. HP: 24/33 MP: 3/3
  1135 | D:2      | Reached XP level 4. HP: 40/40 MP: 4/4
  1404 | D:3      | Found a shadowy altar of Dithmenos.
  1618 | D:2      | Reached XP level 5. HP: 13/46 MP: 5/5
  1934 | D:3      | Reached skill level 1 in Dodging
  1956 | D:3      | HP: 2/46 [something/magic dart (11)]
  1982 | D:3      | Killed from afar by an orc priest

Levels and vault maps discovered:
D:1:      minmay_arrival_open_corners, layout_loops_cross
D:2:      layout_basic, lightli_corner_chamber
D:3:      layout_rooms, grunt_dithmenos_smoke_and_mirrors

Skill      XL: |  1  2  3  4  5 |
---------------+----------------+-----
Axes           | 3 4 |  4.0
Fighting       | 4 |  4.1
Shields        | 4 |  4.9
Armour         | 4 |  4.1
Dodging        | 1 |  1.0

Action                   |  1- 3 |  4- 6 || total
-------------------------+-------+-------++-------
Melee: War axe           |   115 |   100 ||   215
  Use: Potion            |       |     2 ||     2
  Eat: Chunk             |       |     4 ||     4
Armor: Scale mail        |    55 |    16 ||    71
       Chain mail        |       |    61 ||    61
Dodge: Dodged            |    28 |    23 ||    51
Block: Kite shield       |    77 |    58 ||   135

Table legend:
 A = Non-vault XP
 B = Vault XP
 C = Vault XP percentage of total XP
 D = Non-vault monster count
 E = Vault monster count
 F = Vault count percentage of total count
                 A         B        C        D         E       F
            +---------+---------+-------+---------+---------+-------
      Total |     249 |       0 |   0.0 |      61 |       0 |   0.0
            +---------+---------+-------+---------+---------+-------
        D:1 |      15 |       0 |   0.0 |       9 |       0 |   0.0
        D:2 |      81 |       0 |   0.0 |      34 |       0 |   0.0
        D:3 |     153 |       0 |   0.0 |      18 |       0 |   0.0
            +---------+---------+-------+---------+---------+-------
